 Dungeon Crawl Stone Soup version 0.20.0-15-g7f486f2 (webtiles) character file.

67759 Kosschaser the Bludgeoner (level 15, -2/96 HPs)
             Began as a Gargoyle Fighter on June 10, 2017.
             Was the Champion of Qazlal.
             Slain by a snapping turtle (15 damage)
             ... on level 1 of the Shoals.
             The game lasted 01:11:06 (18789 turns).

Kosschaser the Bludgeoner (Gargoyle Fighter)       Turns: 18789, Time: 01:11:06

Health: -2/96      AC: 50    Str: 23    XL:     15   Next: 24%
Magic:  17/17      EV: 11    Int: 15    God:    Qazlal [******]
Gold:   1719       SH: 22    Dex: 16    Spells: 14/14 levels left

rFire    . . .     SeeInvis .   e - +2 flail (protect)
rCold    + . .     Gourm    .   c - +0 shield
rNeg     + + +     Faith    .   v - +15 Maxwell's patent armour {-Cast -Tele rElec MR+ rCorr}
rPois    ∞         Spirit   .   (no helmet)
rElec    +         Reflect  .   J - +1 cloak {rC+}
rCorr    +         Harm     .   b - +0 pair of gloves
MR       ++...     NoTele   +   (no boots) Stlth ..........NoCast +
                                Q - amulet of magic regeneration
Regen    0.0/turn               k - ring "Puek" {rF- rN++ Dex+3}
MPRegen  0.3/turn               S - ring of protection from fire

@: brilliant, protected from physical damage, flying, repel missiles
A: big wings, hooves 1, thin skeletal structure 1, yellow scales 1, negative
energy resistance 1, screaming 1, shaggy fur 1, electricity resistance,
inhibited regeneration, unbreathing, petrification resistance, rot immunity, AC
+11
a: Stop Flying, Upheaval, Elemental Force, Disaster Area, Renounce Religion


You were on level 1 of the Shoals.
You worshipped Qazlal.
Qazlal was exalted by your worship.
You were not hungry.

You visited 4 branches of the dungeon, and saw 19 of its levels.
You also visited: Ice Cave.

You collected 1719 gold pieces.

Inventory:

Hand Weapons
 e - a +2 flail of protection (weapon)
 H - a +3 flail of freezing
 I - a +3 eveningstar of holy wrath
Armour
 b - a +0 pair of gloves (worn)
 c - a +0 shield (worn)
 v - the +15 Maxwell's patent armour (worn) {-Cast -Tele rElec MR+ rCorr}
   (You found it on level 7 of the Dungeon)

   It insulates you from electricity.
   It affects your resistance to hostile enchantments.
   It prevents spellcasting.
   It prevents most forms of teleportation.
   It protects you from acid and corrosion.
 z - the +2 ring mail of an ice cave {MR+ Str+3 Int+4}
   (You found it on level 11 of the Dungeon)

   It affects your strength (+3).
   It affects your intelligence (+4).
   It affects your resistance to hostile enchantments.
 J - a +1 cloak of cold resistance (worn)
Jewellery
 k - the ring "Puek" (left hand) {rF- rN++ Dex+3}
   (You acquired it on level 1 of the Lair of Beasts)

   [ring of dexterity]

   It affects your dexterity (+3).
   It makes you vulnerable to fire.
   It greatly protects you from negative energy.
 Q - an amulet of magic regeneration (around neck)
 S - a ring of protection from fire (right hand)
 V - an uncursed ring of protection from fire
Wands
 a - a wand of acid (11/15)
 j - a wand of disintegration (3/24)
 w - a wand of paralysis (7/24)
 E - a wand of digging (5/24)
 G - a wand of flame (45/48)
 K - a wand of paralysis (16/24)
 L - a wand of paralysis (12/24)
 O - a wand of scattershot (3/9)
 T - a wand of iceblast (8/15)
 X - a wand of disintegration (8/24)
Scrolls
 g - 10 scrolls of teleportation
 h - 2 scrolls of fear
 i - 2 scrolls of magic mapping
 m - 2 scrolls of blinking
 n - 4 scrolls of amnesia
 r - 4 scrolls of recharging
 s - 6 scrolls of remove curse
 x - a scroll of torment {unknown}
 y - a scroll of fog
 D - 7 scrolls of enchant armour
 P - a scroll of summoning
 U - a scroll of holy word
 W - a scroll of vulnerability {unknown}
Potions
 d - 2 potions of might
 l - 2 potions of resistance
 o - a potion of magic
 q - 3 potions of berserk rage
 t - 4 potions of brilliance
 A - a potion of haste
 B - a potion of degeneration {unknown}
 C - a potion of lignification {unknown}
 M - a potion of ambrosia {unknown}
 N - 2 potions of heal wounds {unknown}
 R - a potion of curing
 Y - 3 potions of agility {unknown}
Comestibles
 f - 13 bread rations
 p - 9 meat rations
 u - 11 royal jellies
 F - 27 fruits


   Skills:
 + Level 11.8 Fighting
 + Level 15.3 Maces & Flails
 + Level 9.7 Armour
 * Level 7.6 Dodging
 - Level 1.2 Stealth
 + Level 15.0 Shields
 * Level 3.6 Invocations
 + Level 0.1 Evocations


You had 14 spell levels left.
You didn't know any spells.

Dungeon Overview and Level Annotations

Branches:
Dungeon (11/15)            Temple (1/1) D:5            Lair (6/6) D:11
 Shoals (1/4) Lair:2        Snake (0/4) Lair:4        Slime (0/5) Lair:5
    Orc: D:9-12

Altars:
Ashenzari
Dithmenos
Fedhas
Makhleb
Nemelex Xobeh
Okawaru
Qazlal
Ru
Sif Muna
Trog
Vehumet
Yredelemnul
The Shining One

Shops:
D:4 *   D:5 *


Innate Abilities, Weirdness & Mutations

You are resistant to torment.
Your stone body is resilient. (AC +11)
You are immune to poison.
Your large and strong wings let you fly indefinitely.
You resist negative energy. (rN+)
You are resistant to electric shocks. (rElec)
You can survive without breathing.
You are immune to petrification.
You are immune to rotting.
You have large cloven feet.
You have a somewhat thin skeletal structure. (Dex +2, Stealth)
You are partially covered in yellow scales. (AC +2)
You occasionally shout uncontrollably at your foes.
You are covered in fur. (AC +1)
You do not regenerate when monsters are visible.


Message History

A water elemental comes into view.
With effort, you pull free of the water engulfing you.
The water engulfing you falls away. You block the sea snake's attack.
The merfolk is engulfed in a cloud of scalding steam.
You block the merfolk's attack. The snapping turtle barely misses you.
The water elemental is engulfed in a cloud of scalding steam.
The sea snake closely misses you.
The snapping turtle bites you but does no damage.
The merfolk is engulfed in a cloud of scalding steam.
The merfolk barely misses you. The snapping turtle misses you.
The merfolk throws a throwing net.
The throwing net is repelled.
A merfolk comes into view. It is wielding a trident.
There is a staircase back to the Lair here.
You see here a throwing net.
You can't go down here!
You block the sea snake's attack. You block the water elemental's attack.
The merfolk aquamancer hits you but does no damage.
The merfolk closely misses you.
The snapping turtle bites you from afar!
You die...

≈≈≈≈≈≈≈≈≈≈≈≈≈
...≈≈≈≈≈≈≈≈≈ ≈≈≈≈≈
≈...≈≈.≈≈≈≈ ≈≈≈≈≈
≈.≈≈≈≈..≈.# ≈..≈≈≈
≈≈≈≈......# ..?.≈≈
≈≈≈...)†E.###..≈≈≈≈
#)mtt#..≈≈≈≈≈
##..ES§§≈≈>≈m
#§§m@§≈≈≈≈≈≈
#....m§§≈≈≈≈≈≈
#...≈..§.§.≈≈≈≈
#......###.....
#.....### .###.
....≈≈.. # ≈≈.?≈≈≈.
≈≈≈≈≈≈≈


You could see a sea snake, a merfolk aquamancer, 2 snapping turtles, 3 merfolk
and 2 water elementals.

Vanquished Creatures
  A frost giant (IceCv)
  Nessos (Lair:4)
  Snorg (Lair:6)
  A merfolk impaler (Shoals:1)
  A fire dragon (Lair:6)
  2 catoblepae (Lair:3)
  3 two-headed ogres
  2 hydras
  Urug (D:10)
  2 sea snakes (Shoals:1)
  Pikel (D:6)
  2 lindwurms (Lair:6)
  An ugly thing (D:11)
  A wolf spider (Lair:6)
  An oklob plant (Lair:5)
  3 manticores
  A merfolk siren (Shoals:1)
  13 elephants
  Joseph (D:7)
  5 torpor snails (Lair:6)
  9 black mambas (Lair:6)
  A guardian serpent (Lair:6)
  19 spiny frogs
  An ice statue (IceCv)
  2 rime drakes
  5 komodo dragons
  2 ice devils (Lair:1)
  3 trolls
  A merfolk (Shoals:1)
  16 polar bears
  3 tyrant leeches (Lair:6)
  9 hornets (Lair:6)
  Prince Ribbit (D:6)
  26 blink frogs
  2 slime creatures (D:6)
  Grinder (D:3)
  9 hippogriffs
  Sigmund (D:3)
  2 water elementals (Shoals:1)
  45 yaks
  12 wyverns
  4 hogs (D:7)
  A spriggan (Lair:2)
  2 basilisks
  A human (D:7)
  Edmund (D:7)
  2 nagas (Lair:4)
  14 water moccasins
  9 porcupines
  3 ice beasts
  4 sky beasts
  9 black bears
  5 orc warriors
  3 phantoms
  15 wolves
  5 ogres
  4 centaurs
  10 crocodiles
  5 big kobolds
  10 bullfrogs
  A gnoll sergeant (D:9)
  4 scorpions
  11 killer bees
  5 electric eels
  7 wights
  A howler monkey (D:7)
  6 crimson imps
  3 centaur zombies
  2 bullfrog zombies
  5 hounds
  Crazy Yiuf (D:3)
  6 bullfrog skeletons
  7 orc priests
  8 jellies
  8 orc wizards
  Jessica (D:2)
  6 iguanas
  Natasha (D:2)
  11 worker ants
  A hound zombie (D:6)
  A hound skeleton (D:7)
  A worker ant zombie (D:5)
  7 adders
  15 gnolls
  4 shadow imps
  4 oozes (D:6)
  An adder zombie (D:8)
  An adder skeleton (D:7)
  2 worms
  6 dart slugs
  5 leopard geckos
  45 orcs
  A ball python (D:1)
  6 bats
  A giant cockroach (D:4)
  13 goblins
  14 hobgoblins
  10 jackals
  2 quokkas
  11 frilled lizards
  A jackal skeleton (D:4)
  30 kobolds
  2 leopard gecko skeletons (D:4)
  A quokka zombie (D:5)
  11 rats
  A butterfly (Lair:4)
  3 fungi (D:11)
  2 plants
617 creatures vanquished.

Vanquished Creatures (others)
  2 slaves (D:6)
  A worker ant (D:6)
  An orc (D:10)
  A quokka (D:6)
  A kobold (D:6)
  2 bushes
  14 fungi
  21 plants
  7 toadstools (D:6)
50 creatures vanquished.

Grand Total: 667 creatures vanquished

Notes
Turn   | Place    | Note
-------+----------+-------------------------------------------
     0 | D:1      | Kosschaser the Gargoyle Fighter began the quest for the Orb.
     0 | D:1      | Reached XP level 1. HP: 14/14 MP: 1/1
    75 | D:1      | Reached XP level 2. HP: 19/19 MP: 2/2
   446 | D:1      | Reached XP level 3. HP: 23/23 MP: 3/3
   916 | D:2      | Reached XP level 4. HP: 29/29 MP: 4/4
  1033 | D:2      | Noticed Jessica
  1039 | D:2      | Killed Jessica
  1039 | D:2      | Reached skill level 1 in Dodging
  1334 | D:2      | Noticed Natasha
  1340 | D:2      | Killed Natasha
  1340 | D:2      | Reached XP level 5. HP: 33/33 MP: 5/5
  1424 | D:3      | Found a blossoming altar of Fedhas.
  1793 | D:3      | Noticed Sigmund
  1827 | D:3      | Killed Sigmund
  1827 | D:3      | Reached XP level 6. HP: 11/38 MP: 6/6
  2173 | D:3      | Found a runed door.
  2177 | D:3      | Noticed Crazy Yiuf
  2184 | D:3      | Killed Crazy Yiuf
  2184 | D:3      | Reached skill level 5 in Shields
  2240 | D:3      | Noticed Grinder
  2248 | D:3      | Paralysed by Grinder for 6 turns
  2259 | D:3      | Killed Grinder
  2259 | D:3      | Reached skill level 5 in Maces & Flails
  2259 | D:3      | Reached XP level 7. HP: 18/43 MP: 7/7
  2657 | D:4      | Found Woeliteg's Whimsical Warehouse.
  2828 | D:4      | Noticed Edmund
  3176 | D:4      | Reached XP level 8. HP: 48/48 MP: 8/8
  3198 | D:5      | Entered Level 5 of the Dungeon
  3233 | D:5      | Reached skill level 5 in Fighting
  3578 | D:5      | Found Utint's Assorted Antiques.
  3638 | D:5      | Found a shattered altar of Ashenzari.
  3750 | D:5      | Reached skill level 5 in Armour
  4028 | D:5      | Found a staircase to the Ecumenical Temple.
  4041 | Temple   | Entered the Ecumenical Temple
  4072 | Temple   | Became a worshipper of Qazlal Stormbringer
  4194 | D:6      | Noticed Prince Ribbit
  4622 | D:6      | Noticed Pikel
  4650 | D:6      | Killed Pikel
  4650 | D:6      | Reached skill level 1 in Stealth
  4650 | D:6      | Reached XP level 9. HP: 36/55 MP: 9/9
  4872 | D:6      | Killed Prince Ribbit
  5644 | D:6      | Reached * piety under Qazlal
  5928 | D:6      | Killed a large slime creature
  5928 | D:6      | Reached XP level 10. HP: 63/63 MP: 10/10
  6208 | D:7      | Found a deep blue altar of Sif Muna.
  6227 | D:7      | Found a faded altar of an unknown god.
  6227 | D:7      | Found a glowing golden altar of the Shining One.
  6233 | D:7      | Found a sparkling altar of Nemelex Xobeh.
  6236 | D:7      | Found a radiant altar of Vehumet.
  6244 | D:7      | Found a faded altar of an unknown god.
  6247 | D:7      | Gained mutation: Your body sometimes deteriorates upon taking damage. [mutagenic meat]
  6248 | D:7      | Gained mutation: You possess an exceptional clarity of mind. [mutagenic meat]
  6249 | D:7      | Gained mutation: You have large cloven feet. [mutagenic meat]
  6250 | D:7      | Gained mutation: Your movements are slightly less encumbered by armour. (ER -2) [mutagenic meat]
  6251 | D:7      | Gained mutation: You are clumsy. (Dex -2) [mutagenic meat]
  6313 | D:7      | Noticed Joseph
  6329 | D:7      | Killed Joseph
  6352 | D:7      | Killed Edmund
  6386 | D:7      | Reached skill level 10 in Maces & Flails
  7106 | D:8      | Noticed a two-headed ogre
  7136 | D:8      | Killed a two-headed ogre
  7136 | D:8      | Reached XP level 11. HP: 46/68 MP: 11/11
  7205 | D:8      | Noticed a two-headed ogre
  7216 | D:8      | Killed a two-headed ogre
  7230 | D:8      | Reached ** piety under Qazlal
  8085 | D:9      | Reached skill level 10 in Shields
  8424 | D:9      | Noticed a two-headed ogre
  8433 | D:9      | Killed a two-headed ogre
  8498 | D:9      | Reached *** piety under Qazlal
  8988 | D:10     | Entered Level 10 of the Dungeon
  9008 | D:10     | Noticed Urug
  9056 | D:10     | Killed Urug
  9617 | D:10     | Found an iron altar of Okawaru.
  9779 | D:10     | Got a translucent graven amulet
  9855 | D:10     | Identified the amulet "Fass" {Harm *Drain rPois rF+ rC+} (You took it off a wight on level 10 of the Dungeon)
  9941 | D:11     | Reached XP level 12. HP: 74/76 MP: 12/12
  9944 | D:11     | Found a staircase to the Lair.
  9970 | D:11     | Got a brightly glowing ring mail
  9981 | D:11     | Identified the +2 ring mail of an ice cave {MR+ Str+3 Int+4} (You found it on level 11 of the Dungeon)
 10007 | Lair:1   | Entered Level 1 of the Lair of Beasts
 10012 | Lair:1   | Noticed an eight-headed hydra
 10021 | Lair:1   | Killed an eight-headed hydra
 10082 | Lair:1   | Found a frozen archway.
 10099 | IceCv    | Entered an ice cave
 10137 | IceCv    | Reached **** piety under Qazlal
 10569 | IceCv    | Noticed a frost giant
 10580 | IceCv    | Killed a frost giant
 11385 | Lair:1   | Reached XP level 13. HP: 62/82 MP: 13/13
 11445 | Lair:1   | Identified a scroll of acquirement
 11447 | Lair:1   | Got an ancient brass ring
 11448 | Lair:1   | Identified the ring "Puek" {rF- rN++ Dex+3} (You acquired it on level 1 of the Lair of Beasts)
 11592 | Lair:1   | Reached skill level 10 in Fighting
 11936 | Lair:1   | You fall through a shaft!
 11945 | Lair:2   | Got a crude glass ring
 11946 | Lair:2   | Identified the ring "Zuadwace" {*Tele *Slow rElec Dex+5} (You found it on level 2 of the Lair of Beasts)
 11969 | Lair:2   | Reached ***** piety under Qazlal
 12222 | Lair:2   | Found a staircase to the Shoals.
 12933 | Lair:3   | Reached skill level 5 in Dodging
 14818 | Lair:4   | Lost mutation: You possess an exceptional clarity of mind. [potion of mutation]
 14818 | Lair:4   | Lost mutation: You are clumsy. (Dex -2) [potion of mutation]
 14818 | Lair:4   | Gained mutation: Your magical capacity is low. (-10% MP) [potion of mutation]
 14818 | Lair:4   | Gained mutation: Your spells are a little harder to cast, but a little more powerful. [potion of mutation]
 14819 | Lair:4   | Lost mutation: Your body sometimes deteriorates upon taking damage. [potion of mutation]
 14819 | Lair:4   | Lost mutation: Your magical capacity is low. (-10% MP) [potion of mutation]
 14819 | Lair:4   | Lost mutation: Your movements are slightly less encumbered by armour. (ER -2) [potion of mutation]
 14819 | Lair:4   | Gained mutation: You have a somewhat thin skeletal structure. (Dex +2, Stealth) [potion of mutation]
 14819 | Lair:4   | Gained mutation: Your spells are harder to cast, but more powerful. [potion of mutation]
 14819 | Lair:4   | Gained mutation: You are covered in fur. (AC +1) [potion of mutation]
 14819 | Lair:4   | Gained mutation: You possess an exceptional clarity of mind. [potion of mutation]
 14820 | Lair:4   | Lost mutation: You possess an exceptional clarity of mind. [potion of mutation]
 14820 | Lair:4   | Lost mutation: Your spells are harder to cast, but more powerful. [potion of mutation]
 14820 | Lair:4   | Gained mutation: You are frail. (-10% HP) [potion of mutation]
 14820 | Lair:4   | Gained mutation: You are partially covered in yellow scales. (AC +2) [potion of mutation]
 14821 | Lair:4   | Lost mutation: You are frail. (-10% HP) [potion of mutation]
 14821 | Lair:4   | Lost mutation: Your spells are a little harder to cast, but a little more powerful. [potion of mutation]
 14821 | Lair:4   | Gained mutation: You occasionally shout uncontrollably at your foes. [potion of mutation]
 14821 | Lair:4   | Gained mutation: You are mostly covered in yellow scales. (AC +3) [potion of mutation]
 14821 | Lair:4   | Gained mutation: Your flesh is cold resistant. (rC+) [potion of mutation]
 14822 | Lair:4   | Noticed Nessos
 14884 | Lair:4   | Killed Nessos
 15029 | Lair:4   | Found a staircase to the Snake Pit.
 15098 | Lair:4   | Gained mutation: Your large and strong wings let you fly indefinitely. [Gargoyle growth]
 15098 | Lair:4   | Reached XP level 14. HP: 81/88 MP: 14/14
 15810 | Lair:5   | Reached ****** piety under Qazlal
 15889 | Lair:5   | Found a staircase to the Slime Pits.
 16790 | Lair:6   | Entered Level 6 of the Lair of Beasts
 17229 | Lair:6   | Found a runed door.
 17253 | Lair:6   | Reached skill level 1 in Invocations
 17460 | Lair:6   | Reached skill level 15 in Maces & Flails
 17867 | Lair:6   | Noticed Snorg
 17885 | Lair:6   | Killed Snorg
 17952 | Lair:6   | Reached XP level 15. HP: 95/95 MP: 16/16
 17977 | Lair:6   | Gained mutation: You do not regenerate when monsters are visible. [mutagenic meat]
 17978 | Lair:6   | Gained mutation: Your magical capacity is low. (-10% MP) [mutagenic meat]
 17979 | Lair:6   | Lost mutation: Your magical capacity is low. (-10% MP) [mutagenic meat]
 17980 | Lair:6   | Lost mutation: Your flesh is cold resistant. (rC+) [mutagenic meat]
 17981 | Lair:6   | Lost mutation: You are mostly covered in yellow scales. (AC +3) [mutagenic meat]
 18729 | Shoals:1 | Entered Level 1 of the Shoals
 18781 | Shoals:1 | Reached skill level 15 in Shields
 18785 | Shoals:1 | HP: 4/96 [snapping turtle (2)]
 18789 | Shoals:1 | Slain by a snapping turtle

Skill      XL: |  1  2  3  4  5  6  7  8  9 10 11 12 13 14 15 |
---------------+----------------------------------------------+-----
Shields        | 4 5 6 7 9 11 12 13 14 15 | 15.0
Maces & Flails | 3 4 5 7 9 10 11 13 14 15 | 15.3
Dodging        | 1 2 3 4 5 7 |  7.6
Fighting       | 4 6 7 8 9 10 11 | 11.8
Armour         | 4 5 6 7 8 9 |  9.7
Stealth        | 1 |  1.2
Invocations    | 2 3 |  3.6
Evocations     | |  0.1

Action                   |  1- 3 |  4- 6 |  7- 9 | 10-12 | 13-15 || total
-------------------------+-------+-------+-------+-------+-------++-------
Melee: Flail             |   144 |   193 |   383 |   539 |    13 ||  1272
       Kick              |       |       |       |   202 |   303 ||   505
       Eveningstar       |       |       |       |   274 |   769 ||  1043
       Great mace        |       |       |       |    28 |    49 ||    77
Invok: Upheaval          |       |       |       |     1 |     1 ||     2
 Abil: Fly               |       |       |       |       |     1 ||     1
Evoke: Wand              |       |       |     1 |       |       ||     1
  Use: Scroll            |       |       |     7 |     6 |    15 ||    28
       Potion            |       |       |       |       |     6 ||     6
  Eat: Chunk             |       |     5 |     8 |    22 |    29 ||    64
       Bread ration      |       |       |     1 |       |       ||     1
       Royal jelly       |       |       |       |       |     1 ||     1
Armor: Scale mail        |    86 |    82 |       |       |       ||   168
       Ring mail         |       |    20 |   130 |     6 |       ||   156
       Plate armour      |       |       |       |   572 |   487 ||  1059
Dodge: Dodged            |    58 |    66 |   140 |   234 |   296 ||   794
       Deflected         |       |       |       |     1 |     6 ||     7
Block: Shield            |    96 |   110 |   204 |   754 |   916 ||  2080
       Other             |       |       |       |     2 |    23 ||    25
